 Dungeon Crawl Stone Soup version 0.27.1-34-g3ba077fa99 (webtiles) character file.

Game seed: 10214190428288185822

18 mcbry74 the Cudgeller (level 2, 27/27 HPs)
             Began as a Troll Gladiator on Jan 22, 2022.
             Was a Follower of Nemelex Xobeh.
             Quit the game on level 1 of the Dungeon.
             The game lasted 00:01:46 (469 turns).

mcbry74 the Cudgeller (Troll Gladiator)              Turns: 469, Time: 00:01:46

Health: 27/27      AC:  4    Str: 21    XL:     2   Next: 51%
Magic:  1/1        EV: 10    Int:  4    God:    Nemelex Xobeh [*.....]
Gold:   75         SH:  0    Dex: 11    Spells: 1/1 levels left

rFire    . . .     SeeInvis .   a - +0 flail
rCold    . . .     Faith    .   (no shield)
rNeg     . . .     Spirit   .   b - +0 robe
rPois    .         Reflect  .   c - +0 hat
rElec    .         Harm     .   (no cloak)
rCorr    .         Rampage  .   (gloves unavailable)
Will     .....                  (boots unavailable)
Stlth    +.........             (no amulet)
HPRegen  1.09/turn              (no ring)
MPRegen  0.07/turn              (no ring)

@: no status effects
A: large, unfitting armour, claws 3, regeneration 1, shaggy fur 1, tough skin 1
a: Renounce Religion, Draw Escape, Draw Destruction, Draw Summoning


You were on level 1 of the Dungeon.
You worshipped Nemelex Xobeh.
Nemelex Xobeh was aware of your devotion.
You visited 1 branch of the dungeon, and saw 1 of its levels.

You collected 75 gold pieces.

Inventory:

Hand Weapons
 a - a +0 flail (weapon)
Missiles
 d - 3 throwing nets (quivered)
Armour
 b - a +0 robe (worn)
 c - a +0 hat (worn)
Scrolls
 e - a scroll of holy word {unknown}
 f - a scroll of amnesia {unknown}
 g - 3 scrolls of teleportation {unknown}
Potions
 h - 2 potions of curing {unknown}
 i - a potion of ambrosia {unknown}


   Skills:
 - Level 1.5 Fighting
 + Level 3.5 Maces & Flails
 - Level 1.7 Throwing
 - Level 2.4 Dodging


You had one spell level left.
You didn't know any spells.
Your spell library contained the following spells:

 Spells                   Type           Power      Damage    Failure   Level
 Shock                    Conj/Air       0%         1d3       50%         1
 Swiftness                Air            0%         N/A       86%         3
 Airstrike                Air            0%         N/A       99%         4


Dungeon Overview and Level Annotations

Branches:
Dungeon (1/15)

Altars:
Nemelex Xobeh


Innate Abilities, Weirdness & Mutations

You are too large for most types of armour.
You have claws for hands.
Your natural rate of healing is unusually fast.
You are covered in fur. (AC +1)
You have tough skin. (AC +1)


Message History

You sock the bat!
You kill the bat!
Things that are here:
a +0 whip; a kobold corpse An endoplasm comes into view.
The endoplasm quivers.
You hit the endoplasm.
The endoplasm is almost dead.
The endoplasm closely misses you.
You completely miss the endoplasm.
The endoplasm is almost dead.
The endoplasm hits you.
You hit the endoplasm.
You kill the endoplasm!
There is a stone staircase leading down here.
A rat comes into view.
The rat completely misses you.
You sock the rat!
You kill the rat!
You see here a rat corpse.
Found a scroll labelled USAOFO RO BOF.
Found a coppery potion.
A kobold comes into view. It is wielding a +0 short sword.
The kobold shouts!
You see here a scroll labelled USAOFO RO BOF.
g - 3 scrolls labelled USAOFO RO BOF (gained 1)
The kobold throws a stone.
The stone closely misses you.
You barely miss the kobold. The kobold barely misses you.
You closely miss the kobold. The kobold barely misses you.
The kobold hits you with a +0 short sword.
You hit the kobold.
You kill the kobold!
Found 19 gold pieces.
i - a coppery potion
Things that are here:
a +0 short sword; 2 stones; a kobold corpse You now have 75 gold pieces (gained 19).
An endoplasm comes into view.
Okay, then.
Are you sure you want to abandon this character and quit the game? (Confirm with "yes".)

#........... J...##...........
....##....#...... ##
####...##....#.##.#. .#
#......##....#.##.#. .#
#......##....#.##... .#
#......##....#.##.#.
.#############......##....#.##.#.
............##..@...##.......#.##
............##...............#.##
............#....###.......(.#.#.
............#....# #.##......#.#.
.................###.#......##...
................#....#.########..
............#..#.....#.##........
............#.....#........†.)...
..............##.#####♣.#######..


There were no monsters in sight!

Vanquished Creatures
  2 bats (D:1)
  2 endoplasms (D:1)
  2 goblins (D:1)
  A hobgoblin (D:1)
  3 kobolds (D:1)
  3 quokkas (D:1)
  2 rats (D:1)
15 creatures vanquished.

Notes
Turn   | Place    | Note
-------+----------+-------------------------------------------
     0 | D:1      | mcbry74 the Troll Gladiator began the quest for the Orb.
     0 | D:1      | Reached XP level 1. HP: 19/19 MP: 0/0
    67 | D:1      | Found a faded altar of an unknown god.
    77 | D:1      | Became a worshipper of Nemelex Xobeh the Trickster
    77 | D:1      | Reached * piety under Nemelex Xobeh
   108 | D:1      | Reached skill level 3 in Maces & Flails
   154 | D:1      | Reached XP level 2. HP: 27/27 MP: 1/1
   469 | D:1      | Quit the game

Illustrated notes

Levels and vault maps discovered:
D:1:      saegor_arrival_under_anarchy, layout_basic,
          hellmonk_ecumenical_altar_lost_god, grunt_decor_one_mirror

Skill      XL: |  1 |
---------------+----+-----
Maces & Flails | 3 |  3.5
Fighting       | |  1.5
Throwing       | |  1.7
Dodging        | |  2.4

Action                   || total
-------------------------++-------
Melee: Flail             ||    38
 Stab: Sleeping          ||     1
Armor: Robe              ||    14
Dodge: Dodged            ||    29
